 Dungeon Crawl Stone Soup version 0.18.1-48-g4cf74bf (webtiles) character file.

732469 nikopol the Minotaur Porcupine (level 27, -3/273 HPs)
             Began as a Minotaur Berserker on Aug 5, 2016.
             Was the Champion of Trog.
             Killed from afar by an electric golem (29 damage)
             ... with a bolt of lightning
             ... on level 5 of the Realm of Zot on Aug 7, 2016.
             The game lasted 05:56:31 (87187 turns).

nikopol the Minotaur Porcupine (MiBe)              Turns: 87187, Time: 05:56:32

Health: -3/273     AC: 47    Str: 27    XL:     27
Magic:  13/29      EV: 14    Int: 10    God:    Trog [******]
Gold:   4364       SH:  5    Dex: 13    Spells: 0 memorised, 26 levels left

rFire  + + .     SeeInvis .     a - +9 glaive (drain)
rCold  + + .     Gourm    .     x - +9 armour of the Dragon King {rPois rF+ rC+ MR+}
rNeg   + + .     Faith    .     (shield currently unavailable)
rPois  +         Spirit   .     i - +3 hat of Pondering {ponderous, MR+ MP+10 Int+5}
rElec  +         Dismiss  .     Z - +4 dragonskin cloak
rCorr  .         Reflect  +     D - +2 pair of gloves
SustAt .         Harm     .     e - +2 pair of boots
MR     ++++.                    y - amulet "Ciorch" {Reflect rN+ SH+5 Stlth+}
Stlth  ..........               T - ring of protection from fire
                                E - ring "Ciupyriq" {rN+ Stlth+}

@: very slightly contaminated, slow, incredibly resistant to hostile
enchantments, extremely unstealthy
A: retaliatory headbutt, horns 2, blurry vision 1, clumsy 2, deformed body, low
mp 1, poison resistance, screaming 1, subdued magic 2
a: Berserk, Trog's Hand, Brothers in Arms, Burn Spellbooks, Renounce Religion
0: Orb of Zot
}: 4/15 runes: decaying, slimy, silver, gossamer


You were on level 5 of the Realm of Zot.
You worshipped Trog.
Trog was exalted by your worship.
You were not hungry.

You visited 10 branches of the dungeon, and saw 57 of its levels.
You also visited: Trove and Ice Cave.

You collected 9109 gold pieces.
You spent 4745 gold pieces at shops.

Inventory:

Hand Weapons
 a - a +9 glaive of draining (weapon)
 z - the +8 bow of Krishna "Sharnga" {speed, Dex+3 SInv}
   (You found it on level 3 of the Elven Halls)

   Attacks with this weapon are significantly faster.
   It affects your dexterity (+3).
   It lets you see invisible.
 F - a +4 bardiche of chopping
Missiles
 r - 1679 arrows (quivered)
Armour
 e - a +2 pair of boots (worn)
 i - the +3 hat of Pondering (worn) {ponderous, MR+ MP+10 Int+5}
   (You found it in a treasure trove)

   It affects your intelligence (+5).
   It affects your resistance to hostile enchantments.
   It affects your magic capacity (+10).
 x - the +9 armour of the Dragon King (worn) {rPois rF+ rC+ MR+}
   (You bought it in a shop on level 2 of the Orcish Mines)

   It protects you from fire.
   It protects you from cold.
   It protects you from poison.
   It affects your resistance to hostile enchantments.
 D - a +2 pair of gloves (worn)
 Z - the +4 dragonskin cloak (worn)
   (You took it off Tiamat on level 1 of the Realm of Zot)
Jewellery
 s - an uncursed ring of protection from magic
 t - the ring "Xoesh" {Ice rElec Str+3}
   (You found it on level 6 of the Lair of Beasts)

   [ring of ice]

   It enhances your ice magic, and weakens your fire magic.
   It affects your strength (+3).
   It makes you vulnerable to fire.
   It protects you from cold.
   It insulates you from electricity.
 y - the amulet "Ciorch" (around neck) {Reflect rN+ SH+5 Stlth+}
   (You took it off a vault guard on level 5 of the Vaults)

   [amulet of reflection]

   It shields you and reflects attacks.
   It protects you from negative energy.
   It affects your SH (+5).
   It makes you more stealthy.
 E - the ring "Ciupyriq" (left hand) {rN+ Stlth+}
   (You found it on level 4 of the Realm of Zot)

   [ring of stealth]

   It protects you from negative energy.
   It makes you more stealthy.
 R - an uncursed ring of resist corrosion
 T - a ring of protection from fire (right hand)
Wands
 v - a wand of digging (11/24)
 O - a wand of heal wounds (1/9)
 Y - a wand of disintegration (10/24)
Scrolls
 b - 13 scrolls of magic mapping
 k - 24 scrolls of remove curse
 l - 10 scrolls of fear
 o - 4 scrolls of silence
 w - 5 scrolls of fog
 I - 13 scrolls of identify
 K - 4 scrolls of recharging
 S - a scroll of blinking
 W - a scroll of holy word
 X - 4 scrolls of teleportation
Potions
 f - 7 potions of agility
 g - 6 potions of heal wounds
 h - 4 potions of resistance
 j - 8 potions of ambrosia
 n - 11 potions of flight
 p - 3 potions of invisibility
 A - 2 potions of haste
 B - 10 potions of brilliance
 C - 16 potions of curing
 G - 4 potions of berserk rage
 H - 11 potions of magic
 L - 5 potions of cure mutation
 M - 4 potions of might
 P - 2 potions of cancellation
Comestibles
 c - 41 bread rations
 d - 7 royal jellies
 q - 46 fruits
 N - 19 meat rations


   Skills:
 O Level 27 Fighting
 O Level 27 Polearms
 - Level 20.7 Bows
 O Level 27 Armour
 + Level 26.8 Dodging


You had 26 spell levels left.
You didn't know any spells.

Dungeon Overview and Level Annotations

Branches:
Dungeon (15/15)            Temple (0/1) D:4            Lair (8/8) D:10
  Swamp (4/4) Lair:5       Spider (4/4) Lair:4        Slime (6/6) Lair:6
    Orc (2/2) D:12            Elf (3/3) Orc:2        Vaults (5/5) D:13
  Crypt (0/3) Vaults:3     Depths (5/5) D:15            Zot (5/5) Depths:5

Altars:
Ashenzari
Cheibriados
Dithmenos
Elyvilon
Fedhas
Makhleb
Ru
Sif Muna
Trog
Xom
The Shining One
Jiyva

Shops:
D:6 ?(   Orc:2 (:[*=   Elf:1 (   Vaults:3 ?   Vaults:4 *   Vaults:5 [
Depths:4 *   Depths:5 :

Portals:
Hell: Depths:1 Depths:2 Depths:3* Depths:4 Depths:5
Abyss: Depths:1 Depths:4
Pandemonium: Depths:2 Depths:3
Ziggurat: Depths:4


Innate Abilities, Weirdness & Mutations

You reflexively headbutt those who attack you in melee.
You have a pair of horns on your head.
Scrolls take you a little longer to read.
You are very clumsy. (Dex -4)
Armour fits poorly on your strangely shaped body.
Your magical capacity is low (-10% MP).
Your system is resistant to poisons.
You occasionally shout uncontrollably at your foes.
Your spells are easier to cast, but less powerful.


Message History

The Ice Fiend claws you but does no damage. x2
Something barely misses you. Something hits you but does no damage.
The Ice Fiend barely misses you. The Ice Fiend claws you.
* * * LOW HITPOINT WARNING * * *
The Ice Fiend freezes you! You resist.
* * * LOW HITPOINT WARNING * * *
The Ice Fiend gestures at you. The bolt of cold misses you.
Something completely misses you.
You hear a distant "Zot"!
A red devil comes into view. It is wielding a trident.
The Ice Fiend gestures at you. The bolt of cold hits you! You resist.
* * * LOW HITPOINT WARNING * * *
An electric golem comes into view.
There is a stone staircase leading up here.
The electric golem hurls lightning at you.
The bolt of lightning hits you!
You die...

.#####..### ###...#.....####..
.##.......######...####..........
##.)..............## ##.........
#<[)..........8....## ##.........
.[)....###......##..###.......##.
.....####........##............##
....## ##........###......###....
....# #.................## ##...
...## *#........@....##.## ##..
...# #.............###..# #..
...# ##...4.###.18..# ##.## #..
...###......###....####...## ##.
...##......###......##.....## #.
....#......###.....#........# ##
#..........##...........##..#* #
##.........#.....).....##*...#
###.............(.(.).## *...#


You could see an electric golem, an Ice Fiend and a red devil.

Vanquished Creatures
  the Royal Jelly (Slime:6)
  Dissolution (Slime:2)
  6 orbs of fire
  5 ancient liches
  Sojobo (Vaults:4)
  Norris (Vaults:1)
  6 Killer Klowns
  Saint Roka (Elf:2)
  Margery (Depths:5)
  3 curse toes
  A caustic shrike (Depths:2)
  13 golden dragons
  Nikola (Swamp:3)
  A bone dragon (Depths:5)
  A pandemonium lord (Zot:5)
  Arachne (Spider:4)
  2 electric golems
  11 liches
  Jorgrun (Spider:4)
  11 tentacled monstrosities
  27 Orb Guardians (Zot:5)
  Asterion (Elf:2)
  2 titans
  A deep elf blademaster (Elf:3)
  A quicksilver dragon (Depths:4)
  4 sphinxes
  4 deep elf master archers (Elf:3)
  The ghost of Typee the Brawler, an adept DrTm of Cheibriados (Swamp:4)
  15 death cobs
  A thorn hunter (Swamp:3)
  23 acid blobs
  Frances (Elf:1)
  A revenant (Vaults:3)
  Agnes (Elf:2)
  Kirke (Swamp:2)
  12 storm dragons
  12 shadow dragons
  6 tengu reavers
  9 azure jellies
  Wiglaf (Vaults:1)
  6 draconian monks
  13 fire giants
  Donald (Vaults:1)
  Maud (Lair:4)
  4 draconian scorchers
  15 frost giants
  6 draconian knights
  A frost giant (shapeshifter) (Depths:4)
  10 deep elf sorcerers
  22 vault wardens
  A cacodemon (Depths:2)
  7 ghost moths
  An orc warlord (Orc:2)
  Louise (D:14)
  6 draconian zealots
  3 iron dragons
  Aizul (Depths:3)
  7 deep elf elementalists
  2 balrugs (Zot:5)
  10 emperor scorpions
  4 draconian shifters
  13 ironheart preservers
  7 draconian annihilators
  2 war gargoyles (Vaults:5)
  5 draconian callers
  25 stone giants
  20 very ugly things
  Nessos (D:14)
  A corrupter (Zot:5)
  13 black draconians
  4 vampire knights
  15 green draconians
  9 deep elf annihilators (Elf:3)
  A blood saint (Zot:5)
  6 deep elf demonologists
  14 red draconians
  A salamander stormcaller (Vaults:4)
  22 mottled draconians
  15 white draconians
  A spark wasp (Depths:2)
  11 yellow draconians
  10 purple draconians
  Josephine (Lair:4)
  A minotaur (shapeshifter) (Depths:5)
  A blizzard demon (Depths:3)
  4 deep elf death magi
  A jiangshi (Vaults:3)
  18 ettins
  10 death oozes
  12 great orbs of eyes
  7 deep elf high priests
  17 fire dragons
  31 vault guards
  24 yaktaur captains
  The ghost of Ferkelamun the Basher, a journeyman TrBe of Trog (D:11)
  6 rakshasas
  13 entropy weavers
  5 spriggan air magi
  18 ice dragons
  A catoblepas (Lair:4)
  3 monstrous demonspawn (Zot:5)
  A ghost crab (Swamp:1)
  20 hydras
  11 centaur warriors
  37 dancing weapons
  10 death yaks
  A death knight (Vaults:3)
  The ghost of junkhipster the Blocker, a journeyman GrFi of Cheibriados (D:11)
  The ghost of Wardy the Cleaver, a novice HOFi of Qazlal (D:10)
  14 alligators
  2 hell hogs (Depths:5)
  2 deep troll shamans
  6 tengu warriors
  16 ogre magi
  3 deep troll earth magi
  6 spriggan berserkers
  Urug (D:14)
  A titan zombie (Depths:3)
  An iron giant zombie (Depths:1)
  18 hell knights
  Sonja (Lair:4)
  25 deep elf knights
  6 orc high priests
  A soul eater (Zot:5)
  3 fire crabs
  4 shadow wraiths
  Nergalle (Lair:1)
  6 skeletal warriors
  A spark wasp zombie (Depths:3)
  2 deep trolls (shapeshifter) (Depths:2)
  3 shadow demons (Zot:5)
  2 spriggan druids
  Pikel (D:5)
  11 giant orange brains
  2 unseen horrors
  22 deep trolls
  A flayed ghost (Vaults:3)
  5 hill giants
  5 phantasmal warriors
  15 deep elf archers
  9 wizards
  A lindwurm (Lair:8)
  12 necromancers
  A gelid demonspawn (Zot:5)
  9 swamp dragons
  5 shambling mangroves
  81 deep elf magi
  15 ironbrand convokers
  2 lindwurms (shapeshifter)
  6 harpies
  A harpy (shapeshifter) (Vaults:4)
  32 wolf spiders
  7 hornets
  16 orb spiders
  45 ugly things
  9 orc sorcerers
  17 orc knights
  A salamander (Depths:3)
  7 griffons
  7 shining eyes
  4 cyclopes
  2 manticores
  25 moths of wrath
  A moth of wrath (shapeshifter) (Depths:4)
  6 black mambas
  2 sixfirhies
  2 ice statues (IceCv)
  4 elephants (Lair:4)
  A smoke demon (Depths:3)
  A torpor snail (shapeshifter) (Vaults:4)
  2 eyes of devastation (Slime:5)
  A naga mage (D:15)
  20 vault sentinels
  3 rust devils
  38 spiny frogs
  A gargoyle (D:13)
  7 kobold demonologists
  7 centaur skeletons
  2 orange demons
  A rime drake (Lair:8)
  4 komodo dragons (shapeshifter)
  A rime drake (shapeshifter) (Vaults:4)
  9 demonic crawlers
  63 yaktaurs
  15 freezing wraiths
  4 red devils
  A tormentor (Zot:5)
  A tengu conjurer (Depths:4)
  An efreet (D:14)
  12 komodo dragons
  2 merfolk (shapeshifter)
  22 two-headed ogres
  2 polar bears
  39 jumping spiders
  2 trolls (shapeshifter)
  2 tengu simulacra
  A jumping spider (shapeshifter) (Depths:5)
  14 trolls
  Prince Ribbit (D:8)
  8 giant leeches
  6 boulder beetles
  Grinder (D:5)
  38 blink frogs
  An elf zombie (Depths:3)
  6 bog bodies
  An ice dragon zombie (Depths:1)
  179 slime creatures
  A fire dragon skeleton (Depths:1)
  11 air elementals
  A vampire (D:10)
  2 shadows
  113 redbacks
  4 wyverns
  A wyvern (shapeshifter) (Vaults:1)
  3 water elementals
  76 yaks
  21 spriggans
  3 tarantellas (shapeshifter)
  2 fire elementals
  A hog (shapeshifter) (Depths:5)
  A human (shapeshifter) (Depths:1)
  4 wraiths
  The ghost of dearth the Chopper, an amateur HOFi (D:4)
  Grum (D:8)
  6 basilisks
  A basilisk (shapeshifter) (Depths:2)
  6 hogs (Swamp:2)
  5 hungry ghosts
  19 tarantellas
  42 vampire mosquitoes
  A hippogriff (shapeshifter) (Vaults:2)
  10 golden eyes
  3 mottled dragons
  7 hippogriffs
  11 insubstantial wisps
  2 soldier ants
  5 wargs
  Edmund (D:5)
  30 swamp worms
  A porcupine (Lair:6)
  Duvessa (D:5)
  A giant eyeball (Depths:2)
  9 hell hounds (Depths:5)
  22 water moccasins
  3 black bears
  21 swamp drakes
  A porcupine (shapeshifter) (Depths:4)
  20 ice beasts
  4 phantoms
  56 orc warriors
  8 eyes of draining
  2 slaves (D:5)
  33 wasps
  64 ogres
  3 sky beasts
  9 boggarts
  An eye of draining (shapeshifter) (Vaults:2)
  16 centaurs
  20 wolves
  12 crocodiles
  5 big kobolds
  2 gnoll sergeants
  34 giant frogs
  Dowan (D:5)
  An earth elemental (Elf:1)
  4 scorpions
  A water moccasin skeleton (D:4)
  2 wyvern skeletons
  A scorpion (shapeshifter) (Elf:2)
  10 killer bees
  20 wights
  5 howler monkeys
  8 electric eels
  9 crimson imps
  4 giant frog zombies
  8 hounds
  17 orc priests
  2 giant frog skeletons
  36 jellies
  42 orc wizards
  2 iron imps
  7 iguanas
  2 hell rats (Lair:1)
  7 worker ants
  A killer bee zombie (D:8)
  31 sheep
  2 hound zombies
  A hound skeleton (D:9)
  2 worker ant zombies
  16 gnolls
  2 howler monkey skeletons
  17 adders
  72 river rats
  8 shadow imps
  A white imp (Depths:3)
  An adder zombie (D:6)
  2 dart slugs
  4 giant geckos
  123 orcs
  6 giant cockroaches
  4 goblins
  6 hobgoblins
  6 jackals
  22 kobolds
  5 quokkas
  2 ball pythons
  18 bats
  A giant gecko skeleton (D:4)
  4 giant newts
  A jackal skeleton (D:5)
  17 rats
  A bush (Lair:4)
  2 fire vortices (Vaults:3)
  5 fungi
  10 plants
3128 creatures vanquished.

Vanquished Creatures (collateral kills)
  Tiamat (Zot:1)
  A titan (Vaults:5)
  2 shadow dragons
  3 tengu reavers
  The ghost of Galewin the Severer, an adept MiBe of Trog (Swamp:4)
  A frost giant (Vaults:5)
  An emperor scorpion (Spider:3)
  A mottled draconian (Zot:1)
  A red draconian (Zot:1)
  A black draconian (Zot:1)
  4 vault guards (Vaults:5)
  A hydra (Swamp:4)
  A death yak (Lair:5)
  A hornet (Spider:1)
  A sixfirhy (Zot:5)
  A yaktaur (Vaults:4)
  A bog body (Swamp:4)
  A basilisk (Lair:4)
  8 yaks
  A swamp worm (Swamp:4)
  A giant frog (Lair:8)
  2 orcs (Vaults:4)
36 creatures vanquished.

Vanquished Creatures (others)
  A lich (Zot:5)
  2 tengu reavers
  A blood saint (Zot:5)
  A corrupter (Zot:5)
  A salamander stormcaller (Vaults:3)
  A centaur warrior (Vaults:1)
  An ogre mage (Vaults:3)
  A deep elf knight (Vaults:4)
  A slime creature (Slime:6)
  A deep elf archer (Elf:1)
  A moth of wrath (Zot:5)
  3 yaktaurs
  2 redbacks
  An orc warrior (Vaults:4)
  2 slaves (D:5)
  An ogre (Depths:4)
  A boggart (Depths:4)
  A centaur (D:14)
  A water moccasin skeleton (D:5)
  A hound (D:5)
  An orc wizard (D:13)
  A worker ant (D:5)
  3 orcs
  A bush (Lair:8)
  61 fungi
  42 plants
134 creatures vanquished.

Grand Total: 3298 creatures vanquished

Notes
Turn   | Place    | Note
--------------------------------------------------------------
     0 | D:1      | nikopol the Minotaur Berserker began the quest for the Orb.
     0 | D:1      | Reached XP level 1. HP: 19/19 MP: 0/0
   129 | D:1      | Reached XP level 2. HP: 15/27 MP: 1/1
   566 | D:2      | Reached XP level 3. HP: 33/33 MP: 2/2
   650 | D:2      | Reached ** piety under Trog
   700 | D:2      | Found a white marble altar of Elyvilon.
  1041 | D:2      | Found a sacrificial altar of Ru.
  1081 | D:2      | Found a bloodstained altar of Trog.
  1137 | D:2      | Found a glowing golden altar of the Shining One.
  1400 | D:2      | Found a deep blue altar of Sif Muna.
  1535 | D:3      | Reached XP level 4. HP: 30/40 MP: 3/3
  1629 | D:3      | Reached *** piety under Trog
  2322 | D:4      | Found a blossoming altar of Fedhas.
  2328 | D:4      | Reached XP level 5. HP: 43/47 MP: 4/4
  2352 | D:4      | Noticed dearth's ghost (amateur HOFi)
  2362 | D:4      | Killed dearth's ghost
  2362 | D:4      | Reached skill level 5 in Fighting
  2362 | D:4      | Reached skill level 5 in Polearms
  2362 | D:4      | Reached XP level 6. HP: 56/56 MP: 5/5
  2498 | D:4      | Found a shattered altar of Ashenzari.
  2651 | D:4      | Found a staircase to the Ecumenical Temple.
  2730 | D:5      | Entered Level 5 of the Dungeon
  2747 | D:5      | Noticed a slave
  2748 | D:5      | Noticed a slave
  2748 | D:5      | Noticed a slave
  2749 | D:5      | Noticed Pikel
  2749 | D:5      | Noticed a slave
  2763 | D:5      | Killed a slave
  2767 | D:5      | Killed a slave
  2781 | D:5      | Killed Pikel
  2781 | D:5      | Reached skill level 5 in Dodging
  2781 | D:5      | Reached XP level 7. HP: 64/64 MP: 6/6
  2858 | D:5      | Noticed Edmund
  2868 | D:5      | Killed Edmund
  2868 | D:5      | Reached XP level 8. HP: 71/71 MP: 7/7
  2909 | D:5      | Noticed Duvessa
  2922 | D:5      | Killed Duvessa
  2942 | D:5      | Noticed Dowan
  2959 | D:5      | Killed Dowan
  3366 | D:5      | Reached **** piety under Trog
  3497 | D:5      | Noticed Grinder
  3520 | D:5      | Killed Grinder
  4170 | D:6      | Reached XP level 9. HP: 73/81 MP: 8/8
  4262 | D:6      | Found Issuwyck's Weapon Emporium.
  4283 | D:6      | Found a burning altar of Makhleb.
  4503 | D:6      | Found a burning altar of Makhleb.
  4535 | D:6      | Found Neuganyi's Magic Scroll Shoppe.
  5890 | D:8      | Noticed Prince Ribbit
  5941 | D:8      | Got a heavily runed ring mail
  6017 | D:8      | Killed Prince Ribbit
  6031 | D:8      | Identified the cursed +0 ring mail "Buqer" {*Confuse rF- rCorr Int+8} (You found it on level 8 of the Dungeon)
  6126 | D:6      | Bought a scroll of remove curse for 42 gold pieces
  6230 | D:8      | Noticed Grum
  6231 | D:8      | Reached ***** piety under Trog
  6249 | D:8      | Killed Grum
  6305 | D:8      | Reached XP level 10. HP: 75/91 MP: 9/9
  6837 | D:8      | Found a snail-covered altar of Cheibriados.
  6882 | D:9      | Received a gift from Trog
  7014 | D:9      | Found a shadowy altar of Dithmenos.
  7039 | D:9      | Reached skill level 10 in Polearms
  7063 | D:9      | Reached skill level 1 in Bows
  7412 | D:9      | Reached skill level 10 in Fighting
  7595 | D:10     | Entered Level 10 of the Dungeon
  7609 | D:10     | Noticed Wardy's ghost (novice HOFi)
  7687 | D:10     | Killed Wardy's ghost
  7687 | D:10     | Reached skill level 10 in Armour
  7918 | D:10     | Reached XP level 11. HP: 87/100 MP: 10/10
  8089 | D:10     | Reached skill level 5 in Bows
  8670 | D:10     | Found a staircase to the Lair.
  8736 | D:10     | Noticed a hill giant
  8744 | D:10     | Killed a hill giant
  8898 | D:10     | Found a portal to a secret trove of treasure.
  9072 | Lair:1   | Entered Level 1 of the Lair of Beasts
  9365 | Lair:1   | Received a gift from Trog
  9751 | Lair:1   | Noticed Nergalle
  9765 | Lair:1   | Killed Nergalle
 10374 | Lair:2   | Noticed an eight-headed hydra
 10380 | Lair:2   | Killed an eight-headed hydra
 10441 | Lair:2   | Noticed an eight-headed hydra
 10445 | Lair:2   | Killed an eight-headed hydra
 10638 | Lair:2   | Reached XP level 12. HP: 107/110 MP: 11/11
 10648 | Lair:2   | Reached skill level 10 in Dodging
 10899 | Lair:2   | Received a gift from Trog
 12566 | Lair:4   | HP: 7/166 [wasp (3)]
 13001 | Lair:4   | Noticed Sonja
 13004 | Lair:4   | Noticed a four-headed hydra
 13010 | Lair:4   | Killed a four-headed hydra
 13018 | Lair:4   | Killed Sonja
 13192 | Lair:4   | Received a gift from Trog
 13304 | Lair:4   | Noticed a catoblepas
 13315 | Lair:4   | Killed a catoblepas
 13413 | Lair:4   | Noticed Josephine
 13417 | Lair:4   | Noticed Maud
 13423 | Lair:4   | Killed Josephine
 13436 | Lair:4   | Killed Maud
 13436 | Lair:4   | Reached XP level 13. HP: 118/118 MP: 12/12
 13900 | Lair:4   | Found a hole to the Spider Nest.
 13903 | Lair:4   | Received a gift from Trog
 13997 | Lair:4   | Reached skill level 10 in Bows
 15250 | Lair:5   | Found a staircase to the Swamp.
 16295 | Lair:6   | Received a gift from Trog
 16593 | Lair:6   | Got a faintly glowing amber ring
 17327 | Lair:6   | Got a brightly glowing chain mail
 17338 | Lair:6   | Identified the +1 chain mail "Dupuush" {rPois} (You found it on level 6 of the Lair of Beasts)
 17338 | Lair:6   | Identified the ring "Xoesh" {Ice rElec Str+3} (You found it on level 6 of the Lair of Beasts)
 17386 | Lair:6   | Found a viscous altar of Jiyva.
 17387 | Lair:6   | Found a staircase to the Slime Pits.
 17654 | Lair:7   | Found a frozen archway.
 17693 | IceCv    | Entered an ice cave
 17974 | Lair:7   | Reached XP level 14. HP: 127/127 MP: 13/13
 18089 | Lair:7   | Received a gift from Trog
 18158 | Lair:7   | Reached skill level 15 in Polearms
 19216 | Lair:8   | Entered Level 8 of the Lair of Beasts
 19759 | Lair:8   | Reached ****** piety under Trog
 19759 | Lair:8   | Received a gift from Trog
 20089 | Lair:8   | Received a gift from Trog
 20527 | Lair:8   | Received a gift from Trog
 20726 | Lair:8   | Received a gift from Trog
 21256 | Lair:8   | Received a gift from Trog
 22001 | D:11     | Received a gift from Trog
 22001 | D:11     | Reached XP level 15. HP: 134/136 MP: 14/14
 22114 | D:11     | Noticed Ferkelamun's ghost (journeyman TrBe)
 22122 | D:11     | Killed Ferkelamun's ghost
 22142 | D:11     | Noticed junkhipster's ghost (journeyman GrFi)
 22187 | D:11     | Killed junkhipster's ghost
 22677 | D:11     | Received a gift from Trog
 22991 | D:12     | Received a gift from Trog
 23227 | D:12     | Found a staircase to the Orcish Mines.
 23310 | D:12     | Received a gift from Trog
 23832 | Orc:1    | Entered Level 1 of the Orcish Mines
 23858 | Orc:1    | Received a gift from Trog
 24339 | Orc:2    | Entered Level 2 of the Orcish Mines
 24809 | Orc:2    | Found a staircase to the Elven Halls.
 25002 | Orc:2    | Found Zuimaak's Jewellery Boutique.
 25183 | Orc:2    | Received a gift from Trog
 25281 | Orc:2    | Noticed an orc warlord
 25307 | Orc:2    | Killed an orc warlord
 25947 | Orc:2    | Received a gift from Trog
 25999 | Orc:2    | Found Omibrok's General Store.
 26000 | Orc:2    | Found Rusch's Book Shoppe.
 26001 | Orc:2    | Found Gilai's Antique Armour Shoppe.
 26001 | Orc:2    | Found Nacur's Antique Weapon Emporium.
 26442 | D:13     | Received a gift from Trog
 27100 | D:13     | Received a gift from Trog
 27812 | D:13     | Found a gate to the Vaults.
 28098 | D:13     | Reached XP level 16. HP: 147/147 MP: 15/15
 28341 | D:14     | Noticed Louise
 28364 | D:14     | Killed Louise
 28717 | D:14     | Noticed Urug
 28728 | D:14     | Killed Urug
 28857 | D:14     | Noticed Nessos
 28881 | D:14     | Killed Nessos
 28906 | D:14     | Received a gift from Trog
 29526 | D:15     | Entered Level 15 of the Dungeon
 29963 | D:15     | Found a staircase to the Depths.
 31125 | Swamp:1  | Entered Level 1 of the Swamp
 32124 | Swamp:1  | Received a gift from Trog
 32141 | Swamp:1  | Reached skill level 15 in Bows
 33036 | Swamp:2  | Reached skill level 15 in Fighting
 33148 | Swamp:2  | Reached skill level 15 in Armour
 33359 | Swamp:2  | Noticed Kirke
 33383 | Swamp:2  | Killed Kirke
 34073 | Swamp:2  | Identified 2 scrolls of acquirement
 34176 | Swamp:2  | Received a gift from Trog
 34338 | Swamp:3  | Reached XP level 17. HP: 156/156 MP: 5/16
 35197 | Swamp:3  | Noticed Nikola
 35213 | Swamp:3  | Killed Nikola
 35658 | Swamp:4  | Entered Level 4 of the Swamp
 36302 | Swamp:4  | Received a gift from Trog
 36546 | Swamp:4  | Noticed Typee's ghost (adept DrTm)
 36575 | Swamp:4  | Killed Typee's ghost
 37057 | Swamp:4  | Received a gift from Trog
 37255 | Swamp:4  | Got a decaying rune of Zot
 37685 | Swamp:4  | Noticed Galewin's ghost (adept MiBe)
 37714 | Swamp:4  | Killed Galewin's ghost
 38486 | Orc:2    | Bought the +9 armour of the Dragon King {rPois rF+ rC+ MR+} for 3244 gold pieces
 38720 | Spider:1 | Entered Level 1 of the Spider Nest
 39339 | Spider:1 | Received a gift from Trog
 40078 | Spider:2 | Reached XP level 18. HP: 154/166 MP: 17/17
 40635 | Spider:2 | Received a gift from Trog
 41300 | Spider:3 | Received a gift from Trog
 41791 | Orc:2    | Bought a +5 amulet of reflection for 300 gold pieces
 42339 | Spider:4 | Entered Level 4 of the Spider Nest
 42620 | Spider:4 | Noticed Arachne
 42634 | Spider:4 | Killed Arachne
 42634 | Spider:4 | Received a gift from Trog
 42950 | Spider:4 | Reached skill level 15 in Dodging
 42973 | Spider:4 | Received a gift from Trog
 43267 | Spider:4 | Received a gift from Trog
 43645 | Spider:4 | Got a gossamer rune of Zot
 43806 | Spider:4 | Noticed Jorgrun
 43809 | Spider:4 | Killed Jorgrun
 44454 | Vaults:1 | Entered Level 1 of the Vaults
 44501 | D:13     | Received a gift from Trog
 44841 | Vaults:1 | Reached XP level 19. HP: 174/174 MP: 18/18
 45309 | Vaults:1 | Noticed Norris
 45340 | Vaults:1 | Killed Norris
 45771 | Vaults:1 | Noticed Wiglaf
 45791 | Vaults:1 | Killed Wiglaf
 46159 | Vaults:1 | Received a gift from Trog
 46476 | Vaults:1 | Noticed Donald
 46488 | Vaults:1 | Killed Donald
 47259 | Vaults:2 | Received a gift from Trog
 47571 | Vaults:2 | Received a gift from Trog
 47669 | Vaults:2 | Received a gift from Trog
 48463 | Vaults:3 | Reached XP level 20. HP: 168/184 MP: 17/19
 48719 | Vaults:3 | Found Qaibut's Magic Scroll Boutique.
 48726 | Vaults:3 | Bought a scroll of enchant weapon for 112 gold pieces
 48726 | Vaults:3 | Bought a scroll of enchant weapon for 112 gold pieces
 49005 | Vaults:3 | Received a gift from Trog
 49536 | Vaults:3 | Found a staircase to the Crypt.
 50130 | Vaults:3 | Received a gift from Trog
 50710 | Vaults:4 | Noticed Sojobo
 50738 | Vaults:4 | Killed Sojobo
 50766 | Vaults:4 | Received a gift from Trog
 51321 | Vaults:4 | Found Plog's General Store.
 51636 | Vaults:4 | Reached XP level 21. HP: 194/194 MP: 20/20
 51933 | Vaults:4 | Received a gift from Trog
 52090 | Vaults:4 | Bought a potion of beneficial mutation for 770 gold pieces
 52090 | Vaults:4 | Gained mutation: Your muscles are strong. (Str +2) [potion of beneficial mutation]
 52132 | Vaults:5 | Entered Level 5 of the Vaults
 52582 | Vaults:5 | Received a gift from Trog
 52649 | Vaults:5 | Received a gift from Trog
 52682 | Vaults:5 | Received a gift from Trog
 52736 | Vaults:5 | Received a gift from Trog
 53134 | Vaults:5 | Found Xasist Jeka's Armour Boutique.
 53155 | Vaults:5 | Received a gift from Trog
 53195 | Vaults:5 | Got a silver rune of Zot
 54013 | Vaults:5 | Reached XP level 22. HP: 204/204 MP: 21/21
 54107 | Vaults:5 | Noticed an ancient lich
 54116 | Vaults:5 | Killed an ancient lich
 54119 | Vaults:5 | Noticed a golden dragon
 54129 | Vaults:5 | Killed a golden dragon
 54705 | Vaults:5 | Got a scorched jade amulet
 54710 | Vaults:5 | Identified the amulet "Ciorch" {Reflect rN+ SH+5 Stlth+} (You took it off a vault guard on level 5 of the Vaults)
 54771 | Vaults:5 | Noticed a golden dragon
 54777 | Vaults:5 | Killed a golden dragon
 55170 | Vaults:5 | Received a gift from Trog
 55719 | Elf:1    | Entered Level 1 of the Elven Halls
 56140 | Elf:1    | Found Sysma's Antique Weapon Shoppe.
 56254 | Elf:1    | Found a shimmering altar of Xom.
 56479 | Elf:1    | Received a gift from Trog
 56847 | Elf:1    | Noticed Frances
 56862 | Elf:1    | Killed Frances
 57415 | Elf:2    | Noticed Asterion
 57427 | Elf:2    | Killed Asterion
 57466 | Elf:2    | Received a gift from Trog
 57690 | D:10     | You paid a toll of 15 scrolls of teleportation to enter a treasure trove
 57691 | Trove    | Entered a treasure trove
 58016 | Elf:2    | Got a ring of the Octopus King
 58125 | Elf:2    | Found a huge runed gate.
 58125 | Elf:2    | Found a huge runed gate.
 58125 | Elf:2    | Found a huge runed gate.
 58125 | Elf:2    | Found a huge runed gate.
 58127 | Elf:2    | Found a huge runed gate.
 58330 | Elf:2    | Received a gift from Trog
 58528 | Elf:2    | Noticed Saint Roka
 58534 | Elf:2    | Noticed Agnes
 58546 | Elf:2    | Killed Agnes
 58561 | Elf:2    | Killed Saint Roka
 58561 | Elf:2    | Reached XP level 23. HP: 209/215 MP: 22/22
 58645 | Elf:2    | Received a gift from Trog
 58829 | Elf:3    | Entered Level 3 of the Elven Halls
 58842 | Elf:3    | Identified a ring of the Octopus King {Wiz AC+1 EV+1 Str+1 Int+1 Dex+1} (You found it on level 2 of the Elven Halls)
 58854 | Elf:3    | Got a faintly humming storm dragon armour
 58855 | Elf:3    | Identified the +6 storm dragon armour "Ryjen" {rElec Dex+4 Stlth-} (You acquired it on level 3 of the Elven Halls)
 59383 | Elf:3    | Received a gift from Trog
 60720 | Elf:3    | Received a gift from Trog
 61903 | Elf:3    | Received a gift from Trog
 61925 | Elf:3    | Got a steaming cloak
 61936 | Elf:3    | Identified the +0 cloak of Responsibility {rElec MP+9} (You found it on level 3 of the Elven Halls)
 62519 | Depths:1 | Entered Level 1 of the Depths
 62703 | Depths:1 | Found a one-way gate to the infinite horrors of the Abyss.
 62835 | Depths:1 | Received a gift from Trog
 62962 | Depths:1 | Received a gift from Trog
 63765 | Depths:1 | Found a gateway to Hell.
 63855 | Depths:2 | Gained mutation: Scrolls take you a little longer to read. [a cacodemon]
 63860 | Depths:2 | Reached XP level 24. HP: 211/226 MP: 22/22
 63871 | Depths:2 | Found a one-way gate leading to the halls of Pandemonium.
 64746 | Depths:2 | Received a gift from Trog
 65343 | Depths:3 | Noticed Aizul
 65357 | Depths:3 | Killed Aizul
 65490 | Depths:3 | Received a gift from Trog
 65518 | Depths:3 | Received a gift from Trog
 65693 | Depths:3 | Received a gift from Trog
 66505 | Depths:3 | Received a gift from Trog
 67083 | Depths:4 | Found a gateway to a ziggurat.
 67694 | Depths:4 | Reached XP level 25. HP: 231/238 MP: 22/22
 67747 | Depths:4 | Got a scorched glaive
 67748 | Depths:4 | Identified the +3 glaive of Ywkuoxop {elec, MP+9 Str+5 Stlth+} (You found it on level 4 of the Depths)
 67771 | Depths:4 | Received a gift from Trog
 67907 | Depths:4 | Found Caraj's Elemental Accessories.
 67910 | Depths:4 | Paralysed by a Zot trap for 3 turns
 68680 | Depths:5 | Entered Level 5 of the Depths
 68708 | Depths:5 | Noticed Margery
 68717 | Depths:5 | Received a gift from Trog
 68725 | Depths:5 | Killed Margery
 69412 | Depths:5 | Found a gate to the Realm of Zot.
 69955 | Depths:5 | Found Deemig's Book Shop.
 70038 | Depths:5 | Received a gift from Trog
 70808 | Slime:1  | Entered Level 1 of the Pits of Slime
 71279 | Slime:3  | Noticed Dissolution
 71291 | Slime:2  | Killed Dissolution
 71498 | Slime:3  | Received a gift from Trog
 71547 | Slime:2  | Received a gift from Trog
 71739 | Slime:2  | Received a gift from Trog
 72581 | Slime:4  | Gained mutation: You are clumsy. (Dex -2) [a shining eye]
 72587 | Slime:4  | Gained mutation: Your system is resistant to poisons. [a shining eye]
 72591 | Slime:4  | Gained mutation: You are dopey. (Int -2) [a shining eye]
 72593 | Slime:4  | Reached XP level 26. HP: 208/250 MP: 22/22
 73903 | Slime:4  | Gained mutation: You are frail (-10% HP). [a shining eye]
 73935 | Slime:4  | Gained mutation: You occasionally shout uncontrollably at your foes. [a shining eye]
 74157 | Slime:6  | Entered Level 6 of the Pits of Slime
 74166 | Slime:6  | Received a gift from Trog
 74591 | Slime:6  | Gained mutation: Your flesh is heat resistant. [a shining eye]
 74603 | Slime:6  | Reached skill level 27 in Polearms
 74862 | Slime:6  | Found a viscous altar of Jiyva.
 75082 | Slime:6  | Noticed the Royal Jelly
 75094 | Slime:6  | Killed the Royal Jelly
 75114 | Slime:5  | HP: 17/340 [death ooze[the Royal Jelly] (17)]
 75117 | Slime:5  | HP: 8/227 [acid[the Royal Jelly] (4)]
 75122 | Slime:5  | HP: 8/227 [acid blob[the Royal Jelly] (14)]
 76067 | Slime:6  | Received a gift from Trog
 76183 | Slime:6  | Got a slimy rune of Zot
 76735 | Zot:1    | Entered Level 1 of the Realm of Zot
 77419 | Zot:1    | Received a gift from Trog
 77818 | Zot:1    | Noticed Tiamat
 77893 | Zot:1    | Killed Tiamat
 78240 | Zot:1    | Reached XP level 27. HP: 220/237 MP: 22/22
 78672 | Zot:2    | Received a gift from Trog
 80305 | Zot:3    | Noticed an orb of fire
 80312 | Zot:3    | Gained mutation: You are occasionally teleported next to monsters. [an orb of fire]
 80320 | Zot:3    | Killed an orb of fire
 80705 | Zot:3    | Received a gift from Trog
 81988 | Zot:4    | Got a brightly glowing bronze ring
 82075 | Zot:4    | Identified the ring "Ciupyriq" {rN+ Stlth+} (You found it on level 4 of the Realm of Zot)
 82756 | Zot:4    | Received a gift from Trog
 83196 | Zot:4    | Lost mutation: You are frail (-10% HP). [potion of cure mutation]
 83196 | Zot:4    | Lost mutation: You are dopey. (Int -2) [potion of cure mutation]
 83196 | Zot:4    | Lost mutation: Your flesh is heat resistant. [potion of cure mutation]
 83196 | Zot:4    | Lost mutation: You are occasionally teleported next to monsters. [potion of cure mutation]
 83196 | Zot:4    | Lost mutation: You are clumsy. (Dex -2) [potion of cure mutation]
 83323 | Zot:5    | Entered Level 5 of the Realm of Zot
 84101 | Vaults:4 | Bought a scroll of enchant weapon for 165 gold pieces
 84819 | Zot:5    | Received a gift from Trog
 85154 | Zot:5    | Noticed an orb of fire
 85154 | Zot:5    | Gained mutation: Armour fits poorly on your strangely shaped body. [an orb of fire]
 85166 | Zot:5    | Gained mutation: You are clumsy. (Dex -2) [an orb of fire]
 85171 | Zot:5    | Killed an orb of fire
 85316 | Zot:5    | Noticed an ancient lich
 85322 | Zot:5    | Killed an ancient lich
 85465 | Zot:5    | Noticed an orb of fire
 85465 | Zot:5    | Gained mutation: You are very clumsy. (Dex -4) [an orb of fire]
 85482 | Zot:5    | Noticed an orb of fire
 85484 | Zot:5    | Gained mutation: Your spells are a little easier to cast, but a little less powerful. [an orb of fire]
 85486 | Zot:5    | Killed an orb of fire
 85495 | Zot:5    | Killed an orb of fire
 85934 | Zot:5    | Reached skill level 27 in Armour
 85987 | Zot:5    | Reached skill level 27 in Fighting
 86072 | Zot:5    | Noticed an ancient lich
 86080 | Zot:5    | Killed an ancient lich
 86108 | Zot:5    | Noticed an orb of fire
 86126 | Zot:5    | Killed an orb of fire
 86363 | Zot:5    | Received a gift from Trog
 86457 | Zot:5    | Noticed an orb of fire
 86482 | Zot:5    | Killed an orb of fire
 86888 | Zot:5    | Got the Orb of Zot
 86906 | Zot:5    | Noticed an ancient lich
 86935 | Zot:5    | Killed an ancient lich
 86996 | Zot:5    | Noticed Fabloewiti the pandemonium lord
 87020 | Zot:5    | Killed Fabloewiti the pandemonium lord
 87042 | Zot:5    | Noticed an orb of fire
 87044 | Zot:5    | Gained mutation: Your spells are easier to cast, but less powerful. [an orb of fire]
 87045 | Zot:5    | Gained mutation: Your magical capacity is low (-10% MP). [an orb of fire]
 87048 | Zot:5    | Lost mutation: Your muscles are strong. (Str +2) [an orb of fire]
 87071 | Zot:5    | Received a gift from Trog
 87095 | Zot:5    | Noticed Konalup the pandemonium lord
 87124 | Zot:5    | Noticed an ancient lich
 87147 | Zot:5    | Killed an ancient lich
 87174 | Zot:5    | Received a gift from Trog
 87187 | Zot:5    | Killed from afar by an electric golem

Skill      XL: |  1  2  3  4  5  6  7  8  9 10 11 12 13 14 15 16 17 18 19 20 21 22 23 24 25 26 27 |
---------------+----------------------------------------------------------------------------------+-----
Fighting       | 4 5 6 8 9 10 11 12 13 14 15 16 17 18 19 20 22 23 24 27 | 27.0
Armour         | 3 4 6 7 9 10 11 12 13 14 15 16 17 18 20 21 22 23 24 27 | 27.0
Polearms       | 4 5 6 7 9 10 12 13 14 16 17 18 19 20 21 22 23 24 25 26 27 | 27.0
Dodging        | 3 4 5 6 7 9 10 11 12 13 14 15 16 17 18 19 20 21 22 26 | 26.8
Bows           | 4 7 9 11 12 14 15 16 17 18 19 20 | 20.7

Action                   |  1- 3 |  4- 6 |  7- 9 | 10-12 | 13-15 | 16-18 | 19-21 | 22-24 | 25-27 || total
-------------------------+-------+-------+-------+-------+-------+-------+-------+-------+-------++-------
Melee: Spear             |   114 |   128 |   146 |    78 |       |       |       |       |       ||   466
       Headbutt          |    10 |    23 |    62 |   152 |   289 |   272 |   295 |   298 |   452 ||  1853
       Trident           |       |       |   199 |   528 |  1080 |       |       |       |       ||  1807
       Halberd           |       |       |       |       |   276 |   807 |       |       |       ||  1083
       Longbow           |       |       |       |       |       |     2 |     1 |       |       ||     3
       Glaive            |       |       |       |       |       |   382 |  1051 |  1084 |  1709 ||  4226
       Bardiche          |       |       |       |       |       |    15 |       |       |       ||    15
 Fire: Longbow           |       |       |       |   294 |   754 |   871 |   667 |  1001 |  1432 ||  5019
Invok: Berserk           |       |     2 |     3 |     7 |     9 |    13 |     4 |     1 |     7 ||    46
       Burn Spellbooks   |       |       |       |     1 |       |     4 |     4 |     9 |     5 ||    23
       Brothers in Arms  |       |       |       |     1 |     2 |     4 |     4 |     2 |     2 ||    15
       Trog's Hand       |       |       |       |     1 |       |       |     3 |     1 |     1 ||     6
Evoke: Wand              |     1 |       |       |       |     1 |       |     1 |     2 |     9 ||    14
  Use: Scroll            |       |       |     6 |     1 |    14 |    21 |     8 |    11 |    10 ||    71
       Potion            |       |       |       |     1 |     1 |     1 |     1 |       |    12 ||    16
 Stab: Sleeping          |     3 |       |       |       |       |       |       |       |       ||     3
       Confused          |     3 |       |       |       |       |       |       |       |       ||     3
       Distracted        |       |       |       |       |       |       |       |     1 |     2 ||     3
  Eat: Chunk             |       |     7 |    15 |    26 |    51 |    49 |    33 |    42 |    41 ||   264
       Fruit             |       |       |     1 |     2 |       |       |       |       |       ||     3
       Pizza             |       |       |       |     1 |       |     3 |       |       |     3 ||     7
       Beef jerky        |       |       |       |       |     1 |    10 |     1 |     2 |     5 ||    19
       Meat ration       |       |       |       |       |     1 |       |       |       |       ||     1
       Royal jelly       |       |       |       |       |       |       |       |       |     9 ||     9
Armor: Animal skin       |    20 |     3 |       |       |       |       |       |       |       ||    23
       Chain mail        |       |    46 |   105 |   284 |   344 |   166 |       |       |       ||   945
       Leather armour    |       |     1 |       |       |       |       |       |       |       ||     1
       Plate armour      |       |       |       |       |   126 |   251 |       |       |       ||   377
       Gold dragon armou |       |       |       |       |       |   573 |   417 |   556 |  1157 ||  2703
Dodge: Dodged            |    34 |    42 |   124 |   304 |   641 |   852 |   306 |   572 |  1239 ||  4114
Block: Other             |       |       |       |       |       |    58 |   154 |   199 |   290 ||   701
       Reflection        |       |       |       |       |       |       |    33 |    34 |    10 ||    77
